 Dungeon Crawl Stone Soup version 0.28-a0-872-g80cf8599ee (webtiles) character file.

Game seed: 14957265315161572184

345 tatocazan the Slasher (level 6, -3/55 HPs)
             Began as a Minotaur Fighter on Nov 20, 2021.
             Slain by a yak (12 damage)
             ... on level 3 of the Dungeon.
             The game lasted 00:03:09 (3747 turns).

tatocazan the Slasher (Minotaur Fighter)            Turns: 3747, Time: 00:03:10

Health: -3/55      AC:  9    Str: 23    XL:     6   Next: 32%
Magic:  5/5        EV:  9    Int:  5    God:
Gold:   131        SH:  4    Dex:  9    Spells: 5/5 levels left

rFire   . . .      SeeInvis .   a - +0 long sword
rCold   . . .      Faith    .   c - +0 buckler
rNeg    . . .      Spirit   .   g - +0 chain mail
rPois   .          Reflect  .   (helmet restricted)
rElec   .          Harm     .   (no cloak)
rCorr   .          Rampage  .   (no gloves)
Will    .....                   (no boots)
Stlth   ..........              (no amulet)
HPRegen 0.18/turn               (no ring)
MPRegen 0.09/turn               (no ring)

@: mighty, attractive
A: horns 2, retaliatory headbutt
a: no special abilities


You were on level 3 of the Dungeon.
You visited 1 branch of the dungeon, and saw 4 of its levels.

You collected 131 gold pieces.

Inventory:

Hand Weapons
 a - a +0 long sword (weapon)
Armour
 b - a +0 scale mail
 c - a +0 buckler (worn)
 g - a +0 chain mail (worn)
Scrolls
 f - a scroll of magic mapping {unknown}
 h - 2 scrolls of identify {unknown}
 i - a scroll of enchant armour {unknown}
 j - a scroll of teleportation {unknown}
 l - a scroll of noise {unknown}
 m - a scroll of torment {unknown}
Potions
 e - a potion of curing
 n - a potion of magic {unknown}


   Skills:
 + Level 4.9 Fighting
 * Level 5.0 Long Blades
 + Level 4.8 Armour
 * Level 3.6 Dodging
 - Level 3.8 Shields


You had 5 spell levels left.
You didn't know any spells.
Your spell library contained the following spells:

 Spells                   Type           Power      Damage    Failure   Level
 Call Canine Familiar     Summ           0%         N/A       100%        3
 Portal Projectile        Hex/Tloc       0%         N/A       100%        3
 Leda's Liquefaction      Hex/Erth       0%         N/A       100%        4


Dungeon Overview and Level Annotations

Branches:
Dungeon (4/15)
 Temple: D:4-7

Altars:
Hepliaklqana
Xom


Innate Abilities, Weirdness & Mutations

You have a pair of horns on your head.
You reflexively headbutt those who attack you in melee.


Message History

a +0 falchion; a +0 leather armour; the human corpse of Eustachio You hit the yak but do no damage.
The yak gores you.
You take 6 damage, and have 49/55 hp.
You barely miss the yak. The yak closely misses you. You furiously retaliate!
You headbutt the yak. You closely miss the yak. Your headbutt misses the yak.
The yak is lightly wounded.
The yak gores you!
You take 13 damage, and have 36/55 hp.
MASSIVE DAMAGE!!
You hit the yak.
The yak is lightly wounded.
The yak gores you! The yak barely misses you.
You take 7 damage, and have 29/55 hp.
There is a stone staircase leading up here.
You climb upwards.
There is a stone staircase leading down here.
The yak barely misses you.
It was a potion of curing.
You feel better. The yak gores you!
You feel very mighty all of a sudden. The yak gores you!
You take 10 damage, and have 21/55 hp.
You barely miss the yak.
The yak is lightly wounded.
The yak gores you.
You take 3 damage, and have 18/55 hp.
You hit the yak. You headbutt the yak!
The yak is heavily wounded.
The yak barely misses you. You block the yak's attack.
You hit the yak.
The yak is heavily wounded.
The yak gores you!
* * * LOW HITPOINT WARNING * * *
You take 11 damage, and have 8/55 hp.
You barely miss the yak. Your headbutt misses the yak.
The yak is heavily wounded.
The yak closely misses you.
It was a potion of attraction.
You feel attractive to monsters. The yak gores you!
You die...

##############.#
###### #.# .....#
#.# .....# #.#
.....# #.# .....#
#.#
.....###########.#
...............#Y#
.....#########.#@#
...........# #.#.#
.......[...# #.#.#
...........#
#.#.####
###........#
#.#....#
#........#
#.####.#
#........# #.# #.#
#........# #.# #.#
#........# #.# #.#


You could see a yak.

Vanquished Creatures
  Eustachio (D:4)
  A hound (D:3)
  Natasha (thrice) (D:3)
  5 adders
  A worm (D:2)
  An orc (D:3)
  3 endoplasms
  3 giant cockroaches
  5 goblins
  10 hobgoblins
  4 jackals (D:2)
  5 kobolds
  5 quokkas
  9 ball pythons
  4 frilled lizards
  3 rats
63 creatures vanquished.

Vanquished Creatures (others)
  2 plants (D:1)
2 creatures vanquished.

Grand Total: 65 creatures vanquished

Notes
Turn   | Place    | Note
-------+----------+-------------------------------------------
     0 | D:1      | tatocazan the Minotaur Fighter began the quest for the Orb.
     0 | D:1      | Reached XP level 1. HP: 19/19 MP: 0/0
   367 | D:1      | Reached XP level 2. HP: 27/27 MP: 1/1
   535 | D:1      | Found a faded altar of an unknown god.
   565 | D:1      | Reached skill level 3 in Long Blades
   867 | D:1      | Reached XP level 3. HP: 33/33 MP: 2/2
  1155 | D:3      | Noticed a spectral ugly thing
  1155 | D:3      | Found a shimmering altar of Xom.
  1155 | D:3      | Found a hazy altar of Hepliaklqana.
  1169 | D:3      | Noticed Natasha
  1175 | D:3      | Killed Natasha
  1176 | D:3      | Reached skill level 1 in Dodging
  1211 | D:3      | Noticed Natasha
  1227 | D:3      | Killed Natasha
  1228 | D:3      | Reached XP level 4. HP: 14/40 MP: 3/3
  1433 | D:3      | Noticed Natasha
  1441 | D:3      | Killed Natasha
  1860 | D:2      | Reached skill level 4 in Long Blades
  2069 | D:2      | Reached XP level 5. HP: 47/47 MP: 4/4
  3122 | D:4      | Noticed Eustachio
  3585 | D:4      | Killed Eustachio
  3586 | D:4      | Reached skill level 5 in Long Blades
  3586 | D:4      | Reached XP level 6. HP: 40/55 MP: 5/5
  3710 | D:4      | Noticed a yak
  3710 | D:4      | Noticed a yak
  3710 | D:4      | Noticed a yak
  3710 | D:4      | Noticed a yak
  3710 | D:4      | Noticed a yak
  3711 | D:4      | Noticed a yak
  3747 | D:3      | Slain by a yak

Illustrated notes

Levels and vault maps discovered:
D:1:      nzn_arrival_depleted_hourglass, layout_loops_ring,
          shapermc_ecumenical_altar_ellora, roderic_lattice_a,
          grunt_decor_one_mirror, minivault_27, st_stairs_11,
          minmay_stone_trees_medium, corexii_hall_statues_l
D:2:      layout_basic
D:3:      layout_basic, regret_index_temple_of_mockery, moated_statue,
          uniq_natasha
D:4:      layout_basic, minivault_23, uniq_eustachio

Skill      XL: |  1  2  3  4  5 |
---------------+----------------+-----
Long Blades    | 3 4 5 |  5.0
Armour         | 4 |  4.8
Fighting       | 4 |  4.9
Dodging        | 1 2 3 |  3.6
Shields        | |  3.8

Action                   |  1- 3 |  4- 6 || total
-------------------------+-------+-------++-------
Melee: Long sword        |    74 |    88 ||   162
       Headbutt          |    11 |    12 ||    23
  Use: Potion            |       |     4 ||     4
Armor: Scale mail        |    11 |       ||    11
       Chain mail        |    33 |    48 ||    81
Dodge: Dodged            |    39 |    42 ||    81
Block: Buckler           |    25 |    21 ||    46

Table legend: (Time is in decaauts)
 A = Elapsed time spent in this place.
 B = Non-inter-level travel time spent in this place.
 C = Inter-level travel time spent in this place.
 D = Time resting spent in this place.
 E = Time spent auto-exploring this place.
 F = Levels seen in this place.
 G = Mean time per level.
                   A        B        C        D        E       F      G
               +--------+--------+--------+--------+--------+-----+--------+
         Total |   3786 |   3659 |    127 |    814 |   2371 |   4 |  946.5 |
       Dungeon |   3786 |   3659 |    127 |    814 |   2371 |   4 |  946.5 |
               +--------+--------+--------+--------+--------+-----+--------+

Top non-repeatable levels by time:
     D:3: 1845 daAuts
     D:1: 1091 daAuts
     D:2: 646 daAuts
     D:4: 202 daAuts
